 Dungeon Crawl Stone Soup version 0.28.0-45-g0d030f2227 (webtiles) character file.

Game seed: 4500281640238909818

2798 firemarshallily the Thaumaturge (level 10, -1/63 HPs)
             Began as a Djinni Summoner on Apr 12, 2022.
             Was a Believer of Ru.
             Slain by Joseph
             ... wielding a +0 quarterstaff
              (3 damage)
             ... on level 7 of the Dungeon on Apr 13, 2022.
             The game lasted 00:46:28 (8931 turns).

firemarshallily the Thaumaturge (Djinni Summoner)   Turns: 8931, Time: 00:46:28

Health: -1/63      AC: 13    Str:  8 (11) XL:     10   Next: 2%
Gold:   331        EV: 12    Int: 19 (21) God:    Ru [**....] SH:  0 Dex: 11 (14)

rFire   + . .      SeeInvis .   u - +0 halberd (protect)
rCold   x x .      Faith    .   (shield currently unavailable)
rNeg    . . .      Spirit   .   s - +1 leather armour of the Dice {Will+ Str+4}
rPois   ∞          Reflect  .   g - +0 helmet
rElec   .          Harm     .   (no cloak)
rCorr   .          Rampage  .   E - +0 pair of gloves
Will    ++...                   (boots unavailable)
Stlth   ++........              (no amulet)
HPRegen 0.20/turn               t - ring of wizardry
MPRegen 0.00/turn               (no ring)

@: under a protective aura, flying
A: sickness immunity, fire resistance 2, cold vulnerability 1, temperature
sensitive, float, innate caster, HP casting, extra vitality 1
a: Renounce Religion


You were on level 7 of the Dungeon.
You worshipped Ru.
Ru was pleased with you.
You visited 2 branches of the dungeon, and saw 11 of its levels.

You collected 399 gold pieces.
You spent 68 gold pieces at shops.

Inventory:

Hand Weapons
 b - a +1 vampiric war axe
 u - a +0 halberd of protection (weapon)
Missiles
 c - 289 stones (quivered)
 D - 2 throwing nets
Armour
 g - a +0 helmet (worn)
 s - the +1 leather armour of the Dice (worn) {Will+ Str+4}
   (You found it on level 4 of the Dungeon)

   Str:       It affects your strength (+4).
   Will:      It increases your willpower.
 C - a +1 robe of willpower
 E - a +0 pair of gloves (worn)
Magical Staves
 k - a staff of death
Jewellery
 h - a ring of resist corrosion
 t - a ring of wizardry (left hand)
Wands
 p - a wand of iceblast (11)
 F - a wand of mindburst (23)
Scrolls
 a - 2 scrolls of fog {unknown}
 d - a scroll of amnesia {unknown}
 e - 4 scrolls of identify
 f - 4 scrolls of enchant armour {unknown}
 m - 2 scrolls of immolation {unknown}
 n - a scroll of silence {unknown}
 v - a scroll of holy word {unknown}
 x - 3 scrolls of teleportation {unknown}
 y - a scroll of brand weapon {unknown}
Potions
 i - a potion of flight {unknown}
 j - a potion of berserk rage {unknown}
 l - a potion of curing {unknown}
 o - a potion of might {unknown}
 q - 2 potions of attraction {unknown}
 r - a potion of resistance {unknown}
 w - a potion of degeneration
 z - a potion of magic {unknown}
 A - a potion of haste {unknown}
 B - a potion of brilliance {unknown}


   Skills:
 + Level 1.5 Fighting
 + Level 2.1(2.3) Axes
 + Level 1.2(1.8) Polearms
 + Level 2.5 Armour
 + Level 3.7 Dodging
 + Level 3.0 Stealth
 + Level 9.4 Spellcasting


You had 5 spell levels left.
You knew the following spells:

 Your Spells              Type           Power      Damage    Failure   Level
a - Summon Small Mammal   Summ           100%       N/A       1%          1
b - Call Imp              Summ           44%        N/A       1%          2
c - Call Canine Familiar  Summ           44%        N/A       1%          3
d - Summon Guardian Gole  Hex/Summ       44%        N/A       1%          3
e - Summon Lightning Spi  Summ/Air       44%        N/A       1%          4
f - Freeze                Ice            100%       1d11      1%          1
g - Blink                 Tloc           88%        N/A       1%          2
h - Corpse Rot            Necr/Air       88%        N/A       1%          2
i - Petrify               Tmut/Erth      44%        N/A       1%          4
Your spell library was empty.

Dungeon Overview and Level Annotations

Branches:
Dungeon (10/15)            Temple (1/1) D:7
   Lair: D:8-11         Orc: D:9-12

Altars:
Ashenzari
Cheibriados
Dithmenos
Elyvilon
Fedhas
Gozag
Kikubaaqudgha
Makhleb
Nemelex Xobeh
Okawaru
Qazlal
Ru
Sif Muna
Trog
Uskayaw
Vehumet
Wu Jian
Xom
Yredelemnul
Zin
The Shining One

Shops:
D:2 *   D:5 (   D:9 [

Annotations:
D:7 Joseph


Innate Abilities, Weirdness & Mutations

You are immune to sickness and miasma.
You are immune to poison.
Your flesh is very heat resistant. (rF++)
You are vulnerable to cold. (rC-)
You are sensitive to extremes of temperature. (rF-, rC-)
You float through the air rather than walking.
You learn spells naturally, not from books.
Your magical power is your life essence.
You have superior vitality. (+4 MHP)


Message History

Your wolf closely misses Joseph.
Joseph unwields a +0 quarterstaff.
Joseph wields a +0 hunting sling.
Joseph shoots a sling bullet.
The sling bullet closely misses your wolf.
The sling bullet hits you.
* * * LOW HITPOINT WARNING * * *
Reach: u) +0 halberd (protect)
Press: ? - help, Dir - move target, f/p - Joseph
Aim: Joseph, wielding a +0 hunting sling, wearing a +0 leather armour and quivering sling bullets (lightly wounded, softly glowing, ally target, about 28% to evade your +0 halberd of protection)
You reach to attack!
You hit Joseph.
Your weapon exudes an aura of protection.
Joseph is lightly wounded.
Your wolf bites Joseph!
Your wolf barely misses Joseph.
Joseph shoots a sling bullet.
The sling bullet hits your wolf!!
Your wolf dies!
Your wolf's corpse disappears in a puff of smoke!
Joseph stops glowing.
Joseph sighs, "Being a guard is usually so boring..."
Joseph unwields a +0 hunting sling.
Joseph wields a +0 quarterstaff.
Joseph closely misses you.
You hit Joseph.
Joseph is moderately wounded.
Joseph hits you with a +0 quarterstaff!
* * * LOW HITPOINT WARNING * * *
The centaur shoots an arrow.
The arrow hits you.
* * * LOW HITPOINT WARNING * * *
Joseph is stunned by your conviction and fails to attack.
You slash Joseph!
Joseph is heavily wounded.
The centaur shoots an arrow.
The arrow hits you!
* * * LOW HITPOINT WARNING * * *
An ice beast comes into view.
You redirect Joseph's attack!
Joseph closely misses himself.
The centaur shoots an arrow.
The arrow hits you but does no damage.
It was a potion of degeneration.
There was something very wrong with that liquid.
You feel weakened.
You feel dopey.
You feel clumsy.
The centaur shoots an arrow.
The arrow hits you but does no damage. Joseph hits you with a +0 quarterstaff.
You die...

.... #.. ## # .§. ##
#.#####. ###.§.# [.
#..#....
#...#.#########.###...###
#....................####
#c## ###.#....).. #..##
#....)...≈ ##..##
####.)(()≈ ##.@#
#........≈≈ ##^@.#
#..####...≈§ ###....
#....≈ ##.... #..... ...
##.... .. #.... . #.....
#..... .....


You could see Joseph and a centaur.

Vanquished Creatures
  A centaur (D:4)
  A water moccasin skeleton (D:5)
  A killer bee (D:10)
  2 orc priests
  An iguana (D:5)
  Natasha (D:2)
  Robin (D:2)
  2 orcs (D:5)
  3 endoplasms (D:3)
  3 goblins
  2 hobgoblins
  A kobold (D:1)
  2 ball pythons (D:3)
  A frilled lizard (D:3)
22 creatures vanquished.

Vanquished Creatures (collateral kills)
  A shadow (D:9)
  An orc warrior (D:10)
  A hornet zombie (D:7)
  A sky beast (D:5)
  2 necrophages
  2 ogres
  A phantom (D:5)
  A kobold brigand (D:7)
  A gnoll sergeant (D:7)
  A wyvern skeleton (D:6)
  5 killer bees (D:10)
  4 wights (D:7)
  A howler monkey (D:4)
  A centaur zombie (D:5)
  An orc priest (D:6)
  A hound (D:5)
  A bullfrog skeleton (D:5)
  2 centaur skeletons
  Ijyb (D:4)
  Natasha (twice) (D:2)
  An orc wizard (D:6)
  5 gnolls (D:7)
  An adder (D:3)
  2 white imps (D:5)
  An ufetubus (D:6)
  An adder skeleton (D:4)
  A worm (D:3)
  10 orcs
  9 ball pythons
  2 endoplasms (D:1)
  2 giant cockroaches
  16 goblins
  12 hobgoblins
  13 kobolds
  4 quokkas
  5 bats
  3 frilled lizards (D:1)
  A rat (D:2)
120 creatures vanquished.

Vanquished Creatures (others)
  A two-headed ogre (D:6)
  2 orcs (D:5)
  5 plants (D:1)
  11 withered plants (D:1)
19 creatures vanquished.

Grand Total: 161 creatures vanquished

Notes
Turn   | Place    | Note
-------+----------+-------------------------------------------
     0 | D:1      | firemarshallily the Djinni Summoner began the quest for the
                  | Orb.
     0 | D:1      | Reached XP level 1. HP: 15/15 MP: 0/0
   507 | D:1      | Reached XP level 2. HP: 15/21 MP: 0/0
  1506 | D:1      | Reached XP level 3. HP: 21/25 MP: 0/0
  1506 | D:1      | Learned a level 1 spell: Freeze
  1516 | D:1      | Found a faded altar of an unknown god.
  1524 | D:1      | Prayed at the altar of an unknown god.
  1524 | D:1      | Became a worshipper of Ru the Awakened
  1531 | D:1      | Gained mutation: You are sensitive to extremes of
                  | temperature. (rF-, rC-) [Ru sacrifice]
  1531 | D:1      | Reached * piety under Ru
  1531 | D:1      | Reached ** piety under Ru
  1712 | D:2      | Noticed Natasha
  1712 | D:2      | Noticed Robin
  1712 | D:2      | Found Emithros's Assorted Antiques.
  1926 | D:2      | Killed Natasha
  1927 | D:2      | Reached skill level 4 in Spellcasting
  1927 | D:2      | Reached XP level 4. HP: 27/31 MP: 0/0
  1951 | D:2      | Killed Robin
  2222 | D:2      | Noticed Natasha
  2237 | D:2      | Killed Natasha
  2238 | D:2      | Reached skill level 1 in Axes
  2238 | D:2      | Reached XP level 5. HP: 22/36 MP: 0/0
  2238 | D:2      | Learned a level 2 spell: Blink
  2643 | D:2      | Noticed Natasha
  2653 | D:2      | Killed Natasha
  3175 | D:3      | Gained mutation: You are weak. (Str -2) [potion of
                  | mutation]
  3337 | D:3      | Found a glowing silver altar of Zin.
  3405 | D:3      | Lost mutation: You are weak. (Str -2) [potion of mutation]
  3405 | D:3      | Gained mutation: You are partially covered in large bone
                  | plates. (SH +4) [potion of mutation]
  3405 | D:3      | Lost mutation: You are partially covered in large bone
                  | plates. (SH +4) [potion of mutation]
  3621 | D:3      | Noticed an ogre
  3629 | D:3      | Killed an ogre
  3630 | D:3      | Reached skill level 5 in Spellcasting
  3630 | D:3      | Reached XP level 6. HP: 37/41 MP: 0/0
  4445 | D:4      | Reached XP level 7. HP: 16/46 MP: 0/0
  4445 | D:4      | Learned a level 2 spell: Corpse Rot
  4676 | D:4      | Reached skill level 1 in Fighting
  4842 | D:4      | Noticed Ijyb
  4867 | D:4      | Killed Ijyb
  4887 | D:4      | Identified the +1 leather armour of the Dice {Will+ Str+4}
  5079 | D:5      | Entered Level 5 of the Dungeon
  5157 | D:5      | Reached skill level 6 in Spellcasting
  5229 | D:5      | Reached XP level 8. HP: 19/52 MP: 0/0
  5428 | D:5      | Found Zuhinush's Weapon Shop.
  5436 | D:5      | Bought a +0 halberd of protection for 68 gold pieces
  6608 | D:6      | Reached skill level 7 in Spellcasting
  6691 | D:6      | Noticed a two-headed ogre
  6736 | D:6      | Killed a two-headed ogre
  6737 | D:6      | Reached skill level 8 in Spellcasting
  6737 | D:6      | Reached XP level 9. HP: 21/57 MP: 0/0
  6737 | D:6      | Learned a level 4 spell: Petrify
  6963 | D:6      | Found a blossoming altar of Fedhas.
  7284 | D:6      | Reached skill level 1 in Polearms
  7634 | D:7      | Found a stormy altar of Qazlal.
  7839 | D:7      | Found a staircase to the Ecumenical Temple.
  7878 | D:7      | Reached skill level 9 in Spellcasting
  7894 | Temple   | Entered the Ecumenical Temple
  8156 | D:7      | You are sucked into a shaft and drop 3 floors!
  8156 | D:10     | Entered Level 10 of the Dungeon
  8488 | D:9      | Found a broken altar of Ashenzari.
  8695 | D:9      | Found Saxaoxad's Armour Boutique.
  8744 | D:9      | Reached XP level 10. HP: 39/63 MP: 0/0
  8917 | D:7      | Noticed Joseph
  8930 | D:7      | HP: 2/63 [centaur/arrow (9)]
  8931 | D:7      | Slain by Joseph

Illustrated notes

Levels and vault maps discovered:
D:1:      matt_arrival_grand_opening, layout_loops_ring,
          shapermc_ecumenical_altar_flowoftime, minivault_4,
          corexii_hall_statues_x, nrook_uturn
D:2:      layout_rooms, serial_shops, shop, uniq_natasha, uniq_robin
D:3:      layout_loops_cross, mainiacjoe_overflow_tiny_flanked,
          minmay_crystal_water, minmay_fountain_box, minmay_surrounded
D:4:      kennysheep_the_goblin_king, layout_basic, kiku_gazebo_garden_becter
D:5:      layout_loops_ring, serial_shops, shop, minivault_14
D:6:      layout_loops_ring, nicolae_overflow_crystal_walls
D:7:      layout_rooms, grunt_qazlal_clouds, minmay_temple_entry_mist,
          minmay_manual_mess, uniq_joseph
D:8:      layout_loops_cross
D:9:      layout_roguey, nicolae_overflow_hidden_temple,
          nicolae_hepliaklqana_hippocampus, minivault_4,
          nicolae_take_the_stairs, minmay_fire_ice_demons, uniq_gastronok
D:10:     layout_irregular_city, erik_orc_4, uniq_erica
Temple:   regret_index_temple_sphere_string

Skill      XL: |  1  2  3  4  5  6  7  8  9 |
---------------+----------------------------+-----
Spellcasting   | 4 5 6 8 9 |  9.4
Axes           | 1 2 |  2.1
Stealth        | 2 3 |  3.0
Fighting       | 1 |  1.5
Dodging        | 3 |  3.7
Armour         | 2 |  2.5
Polearms       | 1 |  1.2

Action                   |  1- 3 |  4- 6 |  7- 9 | 10-12 || total
-------------------------+-------+-------+-------+-------++-------
Melee: War axe           |    26 |    26 |    18 |       ||    70
       Halberd           |       |       |    38 |     3 ||    41
Throw: Stone             |     1 |       |       |       ||     1
 Cast: Summon Small Mamm |    43 |    75 |    62 |     2 ||   182
       Call Imp          |     9 |    22 |    19 |     1 ||    51
       Freeze            |       |     3 |       |       ||     3
       Call Canine Famil |       |     2 |    34 |     2 ||    38
       Summon Guardian G |       |       |    10 |       ||    10
       Summon Lightning  |       |       |     9 |       ||     9
       Blink             |       |       |    17 |       ||    17
Invok: Sacrifice Resista |     1 |       |       |       ||     1
       Reject Sacrifices |       |       |     1 |       ||     1
  Use: Potion            |       |     2 |       |     1 ||     3
       Scroll            |       |     1 |       |       ||     1
 Stab: Distracted        |       |       |     4 |       ||     4
Armor: Robe              |     5 |     7 |     2 |       ||    14
       Leather armour    |       |       |    36 |     2 ||    38
Dodge: Dodged            |    17 |    26 |    64 |     2 ||   109
